 Dungeon Crawl Stone Soup version 0.30.1-11-g7821555f0a (webtiles) character file.

Game seed: 2093788888873115840

2081 booth the Cleaver (level 9, -2/69 HPs)
             Began as a Demonspawn Gladiator on Dec 4, 2023.
             Was a Believer of Okawaru.
             Slain by a lemure (8 damage)
             ... led by Pikel
             ... on level 7 of the Dungeon on Dec 5, 2023.
             The game lasted 00:40:19 (6688 turns).

booth the Cleaver (Demonspawn Gladiator)            Turns: 6688, Time: 00:40:20

Health: -2/69      AC:  7    Str: 18    XL:     9   Next: 6%
Magic:  9/9        EV: 12    Int: 11    God:    Okawaru [**....]
Gold:   384        SH:  5    Dex: 14    Spells: 8/8 levels left

rFire   . . .        a - +1 war axe
rCold   + . .        (no shield)
rNeg    . . .        b - +2 robe {Will+}
rPois   .            (helmet restricted)
rElec   .            m - +0 cloak
rCorr   .            v - +0 pair of gloves
SInv    .            g - +0 pair of boots
Will    +....        r - amulet of reflection
Stlth   +            k - ring of flight
HPRegen 0.31/turn    (no ring)
MPRegen 0.11/turn

%: reflection
@: flying
A: powered by death 1, condensation shield, demonic touch 1, antennae 1, cold
resistance 1
a: Renounce Religion, Heroism


You were on level 7 of the Dungeon.
You worshipped Okawaru.
Okawaru was pleased with you.
You visited 2 branches of the dungeon, and saw 8 of its levels.

You collected 384 gold pieces.

Inventory:

Hand Weapons
 a - a +1 war axe (weapon)
 i - a +0 mace
 p - the +3 flail "Duopp" {freeze, Stlth+}
   (You found it on level 4 of the Dungeon)

   Stlth:     It makes you more stealthy.
 y - a +4 flail of freezing
 z - a +0 battleaxe
Missiles
 d - 2 throwing nets (quivered)
Armour
 b - a +2 robe of willpower (worn)
 g - a +0 pair of boots (worn)
 j - a +0 ring mail
 m - a +0 cloak (worn)
 v - a +0 pair of gloves (worn)
Jewellery
 k - a ring of flight (left hand)
 r - an amulet of reflection (around neck)
Wands
 s - a wand of flame (20)
Scrolls
 c - a scroll of enchant armour {unknown}
 f - a scroll of poison {unknown}
 o - 3 scrolls of fear
 q - a scroll of fog {unknown}
 B - 3 scrolls of blinking
Potions
 h - 7 potions of curing
 l - 2 potions of flight
 n - 3 potions of mutation
 t - 2 potions of attraction
 u - a potion of haste {unknown}
 w - a potion of might {unknown}
 x - a potion of invisibility


   Skills:
 + Level 6.2 Fighting
 * Level 8.2 Axes
 + Level 5.6 Throwing
 - Level 2.6 Dodging


You had 8 spell levels left.
You didn't know any spells.
Your spell library contained the following spells:

 Spells                   Type           Power      Damage    Failure   Level
 Portal Projectile        Hex/Tloc       0%         N/A       71%         3
 Leda's Liquefaction      Hex/Erth       0%         N/A       98%         4
 Call Canine Familiar     Summ           Unusable   N/A       N/A         3

Dungeon Overview and Level Annotations

Branches:
Dungeon (7/15)             Temple (1/1) D:4

Altars:
Ashenzari
Cheibriados
Dithmenos
Gozag
Hepliaklqana
Kikubaaqudgha
Makhleb
Nemelex Xobeh
Okawaru
Ru
Sif Muna
Vehumet
Xom
Yredelemnul

Annotations:
D:3 3 runed translucent doors, auo's ghost, amateur DjFE
D:7 Pikel


Innate Abilities, Weirdness & Mutations

You regenerate a little health from kills.
A meltable shield of frost defends you. (SH +0)
Your touch may inflict minor irresistible damage on your foes.
You have a pair of small antennae on your head.
Your flesh is cold resistant. (rC+)


Message History

You block the lemure's attack. You block the ice beast's attack.
You hit Pikel but do no damage. Your touch misses Pikel.
Pikel is heavily wounded.
You hit the lemure. x2; You hit the ice beast.
You kill the ice beast!
Okawaru accepts your kill. The lemure closely misses you.
Pikel barely misses you. The lemure barely misses you.
You hit Pikel but do no damage.
Pikel is heavily wounded.
You hit the lemure. You closely miss the lemure. You hit the lemure.
You block Pikel's attack. The lemure closely misses you.
The lemure hits you. x2
You barely miss Pikel.
Pikel is heavily wounded.
You hit the lemure. You closely miss the lemure.
You hit the lemure but do no damage. Pikel completely misses you.
The lemure hits you. x3
Pikel hits you with a +2 whip of flaming.
Pikel burns you. The lemure hits you. x2
You slash Pikel! Your touch misses Pikel.
Pikel is almost dead.
You closely miss the lemure. You barely miss the lemure.
You hit the lemure but do no damage. You barely miss the lemure.
The lemure hits you but does no damage. The lemure hits you!
* * * LOW HITPOINT WARNING * * *
The lemure barely misses you.
Pikel cracks his whip.
Pikel hits you with a +2 whip of flaming.
* * * LOW HITPOINT WARNING * * *
Pikel burns you.
* * * LOW HITPOINT WARNING * * *
The lemure hits you but does no damage.
You hit Pikel.
Pikel is almost dead.
You hit the lemure. You closely miss the lemure.
You hit the lemure but do no damage. You closely miss the lemure.
You block the lemure's attack. Pikel barely misses you.
The lemure hits you but does no damage. The lemure barely misses you.
The lemure hits you!
You die...

## ## ##. ..##
#..... ... .
#..... ..# ..
...#..##.# ...
#..$..55###....
......K@.......
......#55).###+#
...##.#.##.#...#
# ##{........##
#...........
#.#####..###
#........#
#######..##.#
#.....#


You could see Pikel and 4 lemures.

Vanquished Creatures
  Duvessa (D:4)
  A water moccasin (D:6)
  An orc warrior (D:6)
  2 ice beasts
  A sky beast (D:6)
  A centaur (D:6)
  3 ogres
  A phantom (D:6)
  Blork the orc (D:5)
  6 scorpions
  A bullfrog (D:6)
  Dowan (D:4)
  3 wights (D:6)
  A howler monkey (D:4)
  2 orc priests (D:6)
  A jelly (D:6)
  An iguana (D:4)
  A sleepcap (D:5)
  2 orc wizards
  A hound zombie (D:3)
  4 adders
  A shadow imp (D:5)
  A white imp (D:6)
  An ufetubus (D:5)
  An adder zombie (D:3)
  3 worms
  4 dart slugs
  3 orcs
  8 ball pythons
  5 bats
  7 endoplasms
  4 giant cockroaches
  10 goblins
  5 hobgoblins
  3 jackals (D:3)
  8 kobolds
  3 quokkas
  3 frilled lizards
  9 rats
115 creatures vanquished.

Notes
Turn   | Place    | Note
-------+----------+-------------------------------------------
     0 | D:1      | booth the Demonspawn Gladiator began the quest for the Orb.
     0 | D:1      | Reached XP level 1. HP: 16/16 MP: 1/1
    28 | D:1      | You fall into a shaft and drop 1 floor!
   224 | D:1      | Reached skill level 3 in Axes
   224 | D:1      | Gained mutation: Your touch may inflict minor irresistible
                  | damage on your foes. [demonic ancestry]
   224 | D:1      | Reached XP level 2. HP: 18/22 MP: 2/2
  1048 | D:1      | Reached XP level 3. HP: 28/28 MP: 3/3
  1637 | D:2      | Found a faded altar of an unknown god.
  1869 | D:3      | Gained mutation: You regenerate a little health from kills.
                  | [demonic ancestry]
  1869 | D:3      | Reached XP level 4. HP: 34/34 MP: 4/4
  1989 | D:3      | Found a radiant altar of Vehumet.
  2105 | D:3      | Noticed auo's ghost (amateur DjFE)
  2118 | D:3      | Found a runed translucent gate.
  2118 | D:3      | Found a runed translucent gate.
  2119 | D:3      | Found a runed translucent gate.
  2524 | D:3      | Noticed a scorpion
  2546 | D:3      | Killed a scorpion
  2547 | D:3      | Reached skill level 4 in Axes
  2547 | D:3      | Reached XP level 5. HP: 39/41 MP: 5/5
  2599 | D:3      | Found a basalt altar of Yredelemnul.
  2810 | D:3      | Gained mutation: You have hidden genetic potential. [potion
                  | of mutation]
  2833 | D:4      | Found a burning altar of Makhleb.
  2833 | D:4      | Noticed an Executioner
  2837 | D:4      | Noticed a smoke demon
  2837 | D:4      | Noticed a ynoxinul
  3035 | D:4      | Noticed Duvessa
  3035 | D:4      | Noticed Dowan
  3055 | D:4      | Killed Duvessa
  3056 | D:4      | Reached skill level 5 in Axes
  3056 | D:4      | Reached XP level 6. HP: 7/48 MP: 6/6
  3059 | D:4      | Gained mutation: Your flesh is cold resistant. (rC+)
                  | [hidden potential]
  3060 | D:4      | Killed Dowan
  3311 | D:4      | Found a staircase to the Ecumenical Temple.
  3329 | Temple   | Entered the Ecumenical Temple
  3649 | D:4      | Identified the +3 flail "Duopp" {freeze, Stlth+}
  3759 | D:4      | Gained mutation: A meltable shield of frost defends you.
                  | (SH +0) [demonic ancestry]
  3759 | D:4      | Reached XP level 7. HP: 54/54 MP: 7/7
  4070 | D:5      | Entered Level 5 of the Dungeon
  4217 | D:5      | Gained mutation: You have a pair of small antennae on your
                  | head. [hidden potential]
  4217 | D:5      | Lost mutation: You have hidden genetic potential. [hidden
                  | potential expressed]
  4401 | D:5      | Reached skill level 6 in Axes
  4403 | D:5      | Noticed Blork the orc
  4413 | D:5      | Killed Blork the orc
  4859 | D:5      | Found an iron altar of Okawaru.
  4980 | D:5      | Found a shimmering blue altar of Sif Muna.
  5292 | D:5      | Reached XP level 8. HP: 54/61 MP: 8/8
  5374 | D:5      | Became a worshipper of Warmaster Okawaru
  5415 | D:6      | Found a broken altar of Ashenzari.
  5497 | D:6      | Reached skill level 5 in Fighting
  5577 | D:6      | Reached skill level 7 in Axes
  5700 | D:6      | Reached skill level 5 in Throwing
  5914 | D:6      | Reached * piety under Okawaru
  6099 | D:6      | Identified the +2 robe of Kamojeir {rC+ Int+2}
  6341 | D:6      | Reached skill level 8 in Axes
  6490 | D:6      | Reached XP level 9. HP: 69/69 MP: 9/9
  6621 | D:6      | Found a sacrificial altar of Ru.
  6621 | D:6      | Found a hazy altar of Hepliaklqana.
  6653 | D:7      | Noticed Pikel
  6684 | D:7      | Reached ** piety under Okawaru
  6688 | D:7      | Slain by a lemure

Illustrated notes

Levels and vault maps discovered:
D:1:      giann_wishing_wells, layout_basic
D:2:      layout_loops_ring, shapermc_ecumenical_altar_acropolis
D:3:      layout_loops_ring, vehumet_altar_wand_db,
          lemuel_zombie_altar_yredelemnul, gammafunk_ghost_split,
          serial_bayou_crossing
D:4:      minmay_evil_eye, layout_basic, makhleb_altar_promises_db,
          minmay_temple_entry_arrows, uniq_duvessa
D:5:      layout_basic, tgw_sif, kennysheep_okawaru_gauntlet, uniq_blork_the_orc
D:6:      layout_loops_ring, ashenzari_conservatory_becter,
          gammafunk_temple_overflow_wave, solitary_fountain
D:7:      layout_basic, grunt_temple_overflow_open, trog_wizard, uniq_menkaure,
          uniq_pikel
Temple:   hellmonk_temple_forest_ring

Skill      XL: |  1  2  3  4  5  6  7  8 |
---------------+-------------------------+-----
Axes           | 3 4 5 6 8 |  8.2
Throwing       | 2 3 4 5 |  5.6
Fighting       | 3 4 6 |  6.2
Dodging        | |  2.6

Action                     |  1- 3 |  4- 6 |  7- 9 || total
---------------------------+-------+-------+-------++-------
  Melee: War axe           |    85 |    99 |   197 ||   381
         Touch             |    11 |    23 |    25 ||    59
         Punch             |       |     1 |     1 ||     2
  Throw: Javelin           |     1 |     3 |     1 ||     5
         Throwing net      |       |     1 |       ||     1
    Use: Scroll            |     4 |     2 |     3 ||     9
         Potion            |     2 |     3 |     3 ||     8
 Armour: Leather armour    |     5 |       |       ||     5
         Ring mail         |    26 |    24 |    45 ||    95
         Robe              |       |       |    19 ||    19
  Dodge: Dodged            |    52 |    62 |    86 ||   200
  Block: Other             |       |    15 |    95 ||   110
         Reflection        |       |       |     1 ||     1
